 Dungeon Crawl Stone Soup version 0.30-a0-4-ga7cffc901d (webtiles) character file.

Game seed: 1736769357801127812

1577 Setbun the Slicer (level 9, -1/38 (48) HPs)
             Began as a Kobold Brigand on Aug 20, 2022.
             Was an Initiate of Wu Jian.
             Slain by a wight
             ... wielding a +5 short sword
              (6 damage)
             ... on level 6 of the Dungeon.
             The game lasted 00:07:19 (6967 turns).

Setbun the Slicer (Kobold Brigand)                  Turns: 6967, Time: 00:07:20

HP:   -1/38 (48)    AC:  5    Str:  9    XL:     9   Next: 14%
MP:   9/9           EV: 14    Int: 12    God:    Wu Jian [......]
Gold: 246           SH:  0    Dex: 26    Spells: 8/8 levels left

rFire   + . .      SeeInvis .    a - +2 dagger
rCold   . . .      Faith    .    (no shield)
rNeg    . . .      Spirit   .    G - +1 robe "Litefang" {rF+ rCorr Archmagi}
rPois   .          Reflect  .    (no helmet)
rElec   .          Harm     .    c - +0 cloak
rCorr   +          Rampage  .    (no gloves)
Will    .....      Archmagi +    F - +0 pair of boots
Stlth   ++++++....               (no amulet)
HPRegen 0.12/turn                h - +6 ring of dexterity
MPRegen 0.11/turn                (no ring)

@: mighty, heavily drained
A: small, no large weapons, nightstalker 3
a: Renounce Religion


You were on level 6 of the Dungeon.
You worshipped Wu Jian.
Wu Jian was noncommittal.
You visited 2 branches of the dungeon, and saw 8 of its levels.

You collected 246 gold pieces.

Inventory:

Hand Weapons
 a - a +2 dagger (weapon)
Missiles
 d - 12 poisoned darts (quivered)
 e - 3 curare-tipped darts
 l - a throwing net
Armour
 b - a +0 robe
 c - a +0 cloak (worn)
 t - a +0 cloak
 F - a +0 pair of boots (worn)
 G - the +1 robe "Litefang" (worn) {rF+ rCorr Archmagi}
   (You found it on level 6 of the Dungeon)

   rF:        It protects you from fire.
   rCorr:     It protects you from acid and corrosion.
   Archmagi:  It increases the power of your magical spells.
Jewellery
 h - a +6 ring of dexterity (left hand)
 v - an amulet of the acrobat
Scrolls
 f - 4 scrolls of amnesia {unknown}
 g - 2 scrolls of enchant weapon {unknown}
 i - a scroll of silence {unknown}
 j - a scroll of magic mapping {unknown}
 k - 2 scrolls of enchant armour {unknown}
 n - a scroll of acquirement {unknown}
 q - 6 scrolls of identify {unknown}
 s - a scroll of teleportation {unknown}
 x - a scroll of vulnerability {unknown}
 y - a scroll of poison {unknown}
 B - a scroll of brand weapon {unknown}
 C - 2 scrolls of fear {unknown}
 D - a scroll of butterflies {unknown}
 I - a scroll of noise {unknown}
Potions
 m - 4 potions of brilliance
 o - a potion of invisibility
 r - a potion of might
 u - 3 potions of magic
 w - a potion of attraction {unknown}
 z - 2 potions of degeneration {unknown}
 A - 3 potions of lignification {unknown}
 E - 2 potions of mutation {unknown}
 H - 3 potions of curing {unknown}


   Skills:
 - Level 2.1 Fighting
 - Level 12.0 Short Blades
 - Level 2.1 Throwing
 - Level 1.2 Dodging
 * Level 10.2 Stealth


You had 8 spell levels left.
You didn't know any spells.
Your spell library contained the following spells:

 Spells                   Type           Power      Damage    Failure   Level
 Portal Projectile        Hex/Tloc       0%         N/A       69%         3
 Tukima's Dance           Hex            0%         N/A       69%         3
 Blade Hands              Tmut           0%         N/A       100%        5


Dungeon Overview and Level Annotations

Branches:
Dungeon (7/15)             Temple (1/1) D:6

Altars:
Cheibriados
Dithmenos
Elyvilon
Gozag
Hepliaklqana
Kikubaaqudgha
Nemelex Xobeh
Uskayaw
Wu Jian
Zin

Shops:
D:2 [   D:4 [


Innate Abilities, Weirdness & Mutations

You are small and have problems with some larger weapons.
You are completely attuned to the shadows.


Message History

You are too injured to fight recklessly!
You hit the wight.
The wight is lightly damaged.
You barely miss the wight.
The wight is lightly damaged.
The wight hits you with a +5 short sword.
You feel drained.
You hit the wight.
The wight is lightly damaged.
You barely miss the wight.
The wight is lightly damaged.
The wight hits you with a +5 short sword!
* * * LOW HITPOINT WARNING * * *
You feel drained.
* * * LOW HITPOINT WARNING * * *
You hit the wight but do no damage.
The wight is lightly damaged.
You closely miss the wight.
The wight is lightly damaged.
The wight hits you but does no damage.
You hit the wight but do no damage. You punch the wight, but do no damage.
The wight is lightly damaged.
It was a potion of heal wounds.
You feel much better.
The wight hits you with a +5 short sword!
You feel drained.
You hit the wight.
The wight is heavily damaged.
The wight hits you with a +5 short sword.
You closely miss the wight.
The wight is heavily damaged.
You hit the wight but do no damage.
The wight is heavily damaged.
The wight hits you with a +5 short sword.
* * * LOW HITPOINT WARNING * * *
You feel drained.
* * * LOW HITPOINT WARNING * * *
It was a potion of might.
You feel very mighty all of a sudden.
The wight hits you with a +5 short sword.
You die...

..##.....####............#.......
..#..≈.≈.##...................[..
..'.......#.#....................
..#..§.≈..###.#..............[[..
..##......# #.#..........#<......
#####...### #.#....<.....#.)...).
#.####### #.#..........####....
##.##....# #.#........).# ####.
#..#†..#.###...@........# #.
#....#.#.#......z.....<.#######.
######.#.#....#######.#.......#.
#...#....# ##.##........
###......# #.........)..
###..########.#..........
####..####...#........)...
#.......#.................
#.........................


You could see a wight.

Vanquished Creatures
  Sigmund (D:2)
  2 water moccasins (D:6)
  An orc warrior (D:6)
  An ice beast (D:6)
  A black bear (D:6)
  2 ogres (D:6)
  A phantom (D:5)
  A bullfrog (D:6)
  2 scorpions
  A hound (D:6)
  3 jellies
  6 iguanas
  An orc wizard (D:6)
  7 adders
  4 gnolls (D:6)
  2 white imps (D:6)
  5 orcs
  4 endoplasms
  2 giant cockroaches
  6 goblins
  12 hobgoblins
  3 jackals (D:3)
  9 kobolds
  3 quokkas
  6 ball pythons
  3 bats
  2 frilled lizards
  7 rats
  A spectral goblin (D:3)
99 creatures vanquished.

Notes
Turn   | Place    | Note
-------+----------+-------------------------------------------
     0 | D:1      | Setbun the Kobold Brigand began the quest for the Orb.
     0 | D:1      | Reached XP level 1. HP: 12/12 MP: 1/1
    26 | D:1      | Reached skill level 3 in Short Blades
   307 | D:1      | Reached XP level 2. HP: 17/17 MP: 2/2
   498 | D:1      | Reached skill level 4 in Short Blades
   570 | D:1      | Reached XP level 3. HP: 21/21 MP: 3/3
  1069 | D:2      | Noticed Sigmund
  1073 | D:2      | Killed Sigmund
  1074 | D:2      | Reached skill level 7 in Short Blades
  1074 | D:2      | Reached XP level 4. HP: 26/26 MP: 4/4
  1074 | D:2      | Reached XP level 5. HP: 30/30 MP: 5/5
  1074 | D:2      | Reached XP level 6. HP: 35/35 MP: 6/6
  1322 | D:2      | Reached skill level 8 in Short Blades
  1747 | D:2      | Found Qocs's Armour Emporium.
  1925 | D:3      | Found a faded altar of an unknown god.
  2142 | D:3      | Identified the +10 dagger of Ointment {antimagic, rPois
                  | Will+ Str+3}
  2836 | D:4      | Found a hazy altar of Hepliaklqana.
  2837 | D:4      | Found a shadowy altar of Dithmenos.
  2837 | D:4      | Noticed a shadow
  2966 | D:4      | Found Sowel's Antique Armour Emporium.
  3672 | D:5      | Entered Level 5 of the Dungeon
  3752 | D:5      | Reached skill level 9 in Short Blades
  3765 | D:5      | Reached XP level 7. HP: 40/40 MP: 7/7
  4107 | D:5      | Reached skill level 10 in Short Blades
  5287 | D:6      | Reached skill level 11 in Short Blades
  5287 | D:6      | Reached XP level 8. HP: 44/44 MP: 8/8
  5731 | D:6      | Reached skill level 12 in Short Blades
  5885 | D:6      | Identified the +1 robe "Litefang" {rF+ rCorr Archmagi}
  5919 | D:6      | Found a staircase to the Ecumenical Temple.
  5930 | Temple   | Entered the Ecumenical Temple
  5943 | Temple   | Became a worshipper of the Wu Jian Council
  6008 | D:6      | Found a white marble altar of Elyvilon.
  6045 | D:6      | Reached XP level 9. HP: 48/48 MP: 9/9
  6546 | D:6      | Reached skill level 10 in Stealth
  6967 | D:6      | Slain by a wight

Illustrated notes

Levels and vault maps discovered:
D:1:      dpeg_arrival_windows_large_door, layout_loops_ring
D:2:      layout_rooms, serial_shops, nicolae_shop_waterfront, uniq_sigmund
D:3:      layout_basic, dreamdust_ecumenical_altar_drowned_temple,
          kennysheep_small_spiral
D:4:      layout_basic, riverfiend_overflow_shadow_ancestor, serial_shops,
          nicolae_shop_crystal
D:5:      layout_gridville
D:6:      layout_rooms, elyvilon_altar_3, minmay_temple_entry_grid,
          kennysheep_small_circle
D:7:      layout_cave_pools, serial_undead, serial_undead_f, serial_undead_c,
          serial_undead_c, serial_undead_d, serial_undead_e, serial_undead_e,
          serial_undead_a, hex_medium, hangedman_decor_riveting
Temple:   eino_wide_crystal_templ

Skill      XL: |  1  2  3  4  5  6  7  8  9 |
---------------+----------------------------+-----
Short Blades   | 3 4 7 9 11 12 | 12.0
Stealth        | 9 10 | 10.2
Fighting       | |  2.1
Throwing       | |  2.1
Dodging        | |  1.2

Action                   |  1- 3 |  4- 6 |  7- 9 || total
-------------------------+-------+-------+-------++-------
Melee: Dagger            |    59 |    90 |   151 ||   300
       Punch             |       |     4 |     2 ||     6
Invok: Lunge             |       |       |     2 ||     2
  Use: Scroll            |       |     1 |       ||     1
       Potion            |       |       |     5 ||     5
 Stab: Sleeping          |    14 |    16 |    17 ||    47
       Distracted        |       |       |     2 ||     2
       Invisible         |       |       |     1 ||     1
Armor: Robe              |     6 |    12 |     5 ||    23
Dodge: Dodged            |    19 |    49 |    46 ||   114

Table legend: (Time is in decaauts)
 A = Elapsed time spent in this place.
 B = Non-inter-level travel time spent in this place.
 C = Inter-level travel time spent in this place.
 D = Time resting spent in this place.
 E = Time spent auto-exploring this place.
 F = Levels seen in this place.
 G = Mean time per level.
                   A        B        C        D        E       F      G
               +--------+--------+--------+--------+--------+-----+--------+
         Total |   6855 |   6501 |    354 |   1293 |   4543 |   8 |  856.9 |
       Dungeon |   6830 |   6487 |    343 |   1293 |   4538 |   7 |  975.7 |
        Temple |     24 |     13 |     11 |      0 |      5 |   1 |   24.0 |
               +--------+--------+--------+--------+--------+-----+--------+

Top non-repeatable levels by time:
     D:5: 2090 daAuts
     D:6: 1096 daAuts
     D:1: 1045 daAuts
     D:4: 1007 daAuts
     D:3: 846 daAuts
     D:2: 732 daAuts
  Temple: 24 daAuts
     D:7: 12 daAuts
